 Dungeon Crawl Stone Soup version 0.30.0-13-g156ef70053 (webtiles) character file.

Game seed: 5967811714107793273

282 domi the Chopper (level 6, -2/51 HPs)
             Began as a Hill Orc Monk on May 17, 2023.
             Splashed by a jelly's acid (5 damage)
             ... in a sewer.
             The game lasted 00:03:05 (2232 turns).

domi the Chopper (Hill Orc Monk)                    Turns: 2232, Time: 00:03:06

Health: -2/51      AC:  3    Str: 16    XL:     6   Next: 28%
Magic:  6/6        EV: 16    Int: 10    God:
Gold:   194        SH:  0    Dex: 13    Spells: 5/5 levels left

rFire   . . .        a - +0 hand axe
rCold   . . .        d - orb {light}
rNeg    . . .        m - +1 ring mail {rPois}
rPois   +            (no helmet)
rElec   .            i - +0 cloak
rCorr   .            (no gloves)
SInv    .            (no boots)
Will    .....        (no amulet) Stlth
                     h - +5 ring of evasion
HPRegen 0.28/turn    (no ring)
MPRegen 0.10/turn

%: no passive effects
@: confused, ambrosia-drunk, corroded, glowing
A: no striking features
a: no special abilities


You were in a sewer.
You visited 1 branch of the dungeon, and saw 3 of its levels.
You also visited: Sewer.

You collected 194 gold pieces.

Inventory:

Hand Weapons
 a - a +0 hand axe (weapon)
Armour
 d - an orb of light (worn)
 i - a +0 cloak (worn)
   (You found it on level 1 of the Dungeon)
 m - a +1 ring mail of poison resistance (worn)
   (You found it on level 2 of the Dungeon)
 v - a +2 chain mail of fire resistance
   (You found it on level 3 of the Dungeon)
Jewellery
 h - a +5 ring of evasion (left hand)
   (You found it on level 1 of the Dungeon)
Wands
 o - a wand of mindburst (5)
   (You found it on level 2 of the Dungeon)
Scrolls
 b - a scroll of identify {unknown}
 g - 2 scrolls of torment {unknown}
 j - a scroll of fog {unknown}
 l - a scroll of immolation {unknown}
 n - 3 scrolls of blinking {unknown}
 r - a scroll of fear {unknown}
 t - a scroll of teleportation {unknown}
 u - a scroll of enchant armour {unknown}
Potions
 e - a potion of haste {unknown}
 f - 2 potions of curing {unknown}
 k - a potion of degeneration {unknown}
 p - a potion of flight {unknown}
 q - 2 potions of lignification {unknown}
 s - a potion of heal wounds {unknown}


   Skills:
 - Level 3.6 Fighting
 * Level 7.9 Axes
 + Level 3.2 Armour
 - Level 2.4 Dodging


You had 5 spell levels left.
You didn't know any spells.
Your spell library contained the following spells:

 Spells                   Type           Power      Damage    Failure   Level
 Kiss of Death            Conj/Necr      0%         2d5       56%         1
 Necrotise                Necr           0%         1d4       56%         1
 Confusing Touch          Hex            0%         N/A       91%         3
 Vampiric Draining        Necr           0%         2d6       91%         3
 Dispel Undead            Necr           0%         3d6       100%        4
 Agony                    Necr           0%         N/A       100%        5


Dungeon Overview and Level Annotations

Branches:
Dungeon (3/15)              Sewer (1/1)

Altars:
Wu Jian

Shops:
D:2 :


Message History

A river rat is nearby!
You are too injured to fight recklessly!
You are too injured to fight recklessly!
You hit the river rat. The river rat bites you.
You hit the river rat.
You kill the river rat!
You see here a river rat corpse.
You enter the shallow water.
Moving in this stuff is going to be slow.
An endoplasm comes into view.
An endoplasm is nearby!
Your unstable footing causes you to fumble your attack.
The endoplasm barely misses you.
An endoplasm is nearby!
Your unstable footing causes you to fumble your attack.
The endoplasm misses you.
An endoplasm is nearby!
Your unstable footing causes you to fumble your attack.
The endoplasm freezes you.
You are frozen.
An endoplasm is nearby!
Your unstable footing causes you to fumble your attack.
An endoplasm is nearby!
Your unstable footing causes you to fumble your attack.
The endoplasm freezes you.
You are frozen.
An endoplasm is nearby!
You hit the endoplasm.
The endoplasm splashes around in the water.
An endoplasm is nearby!
An endoplasm is nearby!
Your unstable footing causes you to fumble your attack.
The endoplasm completely misses you.
An endoplasm is nearby!
You slash the endoplasm!
You kill the endoplasm!
A worm comes into view.
You enter the shallow water.
Moving in this stuff is going to be slow.
A worm is nearby!
You enter the shallow water.
Moving in this stuff is going to be slow.
Found a gate leading back out of this place.
A worm is nearby!
You hit the worm but do no damage.
A worm is nearby!
You hit the worm. The worm bites you but does no damage.
A worm is nearby!
A worm is nearby!
You hit the worm. The worm completely misses you.
A worm is nearby!
Your unstable footing causes you to fumble your attack.
A worm is nearby!
Your unstable footing causes you to fumble your attack.
The worm misses you.
Your unstable footing causes you to fumble your attack.
A worm is nearby!
Your unstable footing causes you to fumble your attack.
The worm bites you.
A worm is nearby!
Your unstable footing causes you to fumble your attack.
A worm is nearby!
You hit the worm. The worm closely misses you.
You hit the worm. The worm bites you!
You slash the worm! You slash the worm!
You kill the worm!
You see here a worm corpse.
No target in view! 2 jellies come into view.
The jelly quivers. x2
There are monsters nearby!
You enter the shallow water.
Moving in this stuff is going to be slow.
Found a viscous altar of Jiyva.
There are monsters nearby!
There are monsters nearby!
You slash the jelly!
Your hands burn!
You hit the jelly. The acid corrodes you!
Your hands burn!
The jelly barely misses you. The jelly closely misses you.
You hit the jelly. The acid corrodes you!
Your hands burn!
You hit the jelly.
Your hands burn!
The jelly closely misses you. The jelly hits you.
You are splashed with acid!
You are too injured to fight recklessly!
You are too injured to fight recklessly!
Unknown command.
You hit the jelly.
Your hands burn!
The jelly hits you.
You are splashed with acid!
You hit the jelly but do no damage.
Your hands burn!
The jelly hits you.
* * * LOW HITPOINT WARNING * * *
You are splashed with acid!
* * * LOW HITPOINT WARNING * * *
Okay, then.
Okay, then.
Really quaff
c - a potion of ambrosia {!q}?
You are confused.
You feel invigorated. The jelly completely misses you. The jelly misses you.
You hit the jelly.
Your hands burn!
* * * LOW HITPOINT WARNING * * *
You hit the jelly but do no damage.
Your hands burn!
You die...

##~~~# #~. #..~~ ##.~
#..# ###~~. ####~.##
##...~.
##~~~..~####.~~~~#
####.†~.~.~~##.~~.###
##~..~.~###.~~†~..##
#..~JJ.## ##~.~†~##
#~~.~~##@~# ##~~~~#
.!.~.~# #~.# .~~.~.#
_.~~.. #~~~#
..~~~.~~# ...~.
##∩~~~~~...#~.~#
####.
##~.~~#.~.##..~. #
#####~.## #.~.


You could see 2 jellies.

Vanquished Creatures
  A hound (D:3)
  Crazy Yiuf (D:2)
  An iguana (D:3)
  12 adders
  2 river rats (Sewer)
  2 worms
  3 orcs (D:3)
  5 bats
  11 endoplasms
  A giant cockroach (Sewer)
  5 hobgoblins
  2 jackals (D:2)
  2 quokkas (D:2)
  15 ball pythons
  A frilled lizard (Sewer)
  4 goblins
  6 rats
74 creatures vanquished.

Notes
Turn   | Place    | Note
-------+----------+-------------------------------------------
     0 | D:1      | domi the Hill Orc Monk began the quest for the Orb.
     0 | D:1      | Reached XP level 1. HP: 19/19 MP: 1/1
   141 | D:1      | Found a faded altar of an unknown god.
   198 | D:1      | Reached XP level 2. HP: 26/26 MP: 2/2
   644 | D:2      | Reached skill level 5 in Axes
   730 | D:2      | Reached XP level 3. HP: 28/31 MP: 3/3
   758 | D:2      | Found a runed translucent door.
   759 | D:2      | Noticed Crazy Yiuf
   892 | D:2      | Reached skill level 1 in Armour
   922 | D:2      | Reached skill level 6 in Axes
   922 | D:2      | Reached XP level 4. HP: 35/39 MP: 4/4
  1139 | D:2      | Found Ysasou's Book Shop.
  1287 | D:2      | Reached skill level 2 in Armour
  1316 | D:2      | Reached XP level 5. HP: 45/45 MP: 5/5
  1603 | D:2      | Paralysed by Crazy Yiuf for 4 turns
  1610 | D:2      | Killed Crazy Yiuf
  1611 | D:2      | Reached skill level 7 in Axes
  1813 | D:3      | Reached XP level 6. HP: 51/51 MP: 6/6
  1887 | D:3      | Reached skill level 3 in Armour
  1930 | D:3      | Found an ornate altar of the Wu Jian Council.
  1943 | D:3      | Found a glowing drain.
  1952 | Sewer    | Entered a sewer
  2224 | Sewer    | Found a viscous altar of Jiyva.
  2230 | Sewer    | HP: 3/51 [acid (11)]
  2232 | Sewer    | Splashed by a jelly's acid

Illustrated notes

Levels and vault maps discovered:
D:1:      dpeg_arrival_refuge, layout_basic, serial_glass, glass_columns_c,
          glass_columns_a, glass_columns_a, glass_columns_a, glass_columns_a,
          glass_columns_b, glass_columns_a, glass_columns_c, glass_columns_a,
          glass_columns_a, chequers_ecumenical_altar_simple
D:2:      layout_loops_ring, serial_shops, shop_statue, minmay_snake_closets,
          uniq_crazy_yiuf_cottage
D:3:      layout_rooms, pdpol_wu_jian_five_deadly_venoms,
          cheibrodos_sewer_entry_drain
Sewer:    sewer_hellmonk_slimy_pipes

Skill      XL: |  1  2  3  4  5  6 |
---------------+-------------------+-----
Axes           | 5 6 7 |  7.9
Armour         | 1 2 3 |  3.2
Fighting       | |  3.6
Dodging        | |  2.4

Action                     |  1- 3 |  4- 6 || total
---------------------------+-------+-------++-------
  Melee: Hand axe          |    61 |   192 ||   253
    Use: Potion            |       |     1 ||     1
 Armour: Robe              |     4 |       ||     4
         Ring mail         |     9 |    45 ||    54
  Dodge: Dodged            |    39 |   126 ||   165

Levels and vault maps discovered:
D:1:      dpeg_arrival_refuge, layout_basic, serial_glass, glass_columns_c,
          glass_columns_a, glass_columns_a, glass_columns_a, glass_columns_a,
          glass_columns_b, glass_columns_a, glass_columns_c, glass_columns_a,
          glass_columns_a, chequers_ecumenical_altar_simple
D:2:      layout_loops_ring, serial_shops, shop_statue, minmay_snake_closets,
          uniq_crazy_yiuf_cottage
D:3:      layout_rooms, pdpol_wu_jian_five_deadly_venoms,
          cheibrodos_sewer_entry_drain
Sewer:    sewer_hellmonk_slimy_pipes

Table legend: (Time is in decaauts)
 A = Elapsed time spent in this place.
 B = Non-inter-level travel time spent in this place.
 C = Inter-level travel time spent in this place.
 D = Time resting spent in this place.
 E = Time spent auto-exploring this place.
 F = Levels seen in this place.
 G = Mean time per level.
                   A        B        C        D        E       F      G
               +--------+--------+--------+--------+--------+-----+--------+
         Total |   2238 |   2167 |     71 |      0 |   1626 |   4 |  559.5 |
       Dungeon |   1949 |   1878 |     71 |      0 |   1440 |   3 |  649.7 |
         Sewer |    288 |    288 |      0 |      0 |    186 |   1 |  288.0 |
               +--------+--------+--------+--------+--------+-----+--------+

Top non-repeatable levels by time:
     D:2: 1121 daAuts
     D:1: 578 daAuts
   Sewer: 288 daAuts
     D:3: 250 daAuts

Table legend:
 A = Kills in this place as a percentage of kills in the entire game.
 B = Kills by you in this place as a percentage of kills by you in the entire game.
 C = Kills by friends in this place as a percentage of kills by friends in the entire game.
 D = Other kills in this place as a percentage of other kills in the entire game.
 E = Experience gained in this place as a percentage of experience gained in the entire game.
 F = Experience gained in this place divided by the number of levels of this place that you have seen.
                   A       B       C       D       E      F
               +-------+-------+-------+-------+-------+----------------------
         Total | 100.0 | 100.0 |   N/A |   N/A | 100.0 | 100.8
       Dungeon |  78.4 |  78.4 |   N/A |   N/A |  86.6 | 116.3
         Sewer |  21.6 |  21.6 |   N/A |   N/A |  13.4 |  54.0
               +-------+-------+-------+-------+-------+----------------------
